 Dungeon Sprint DCSS version 0.28-a0-1395-g4f6bc678fa (webtiles) character file.

Game seed: 1807946715824818476

24831 HallandMoats the End of an Era (level 13, -14/114 HPs)
             Began as a Formicid Monk on Jan 4, 2022.
             Was the Champion of Qazlal.
             Demolished by Tedwif the pandemonium lord (19 damage)
             ... in the Dungeon (Sprint V: "Ziggurat Sprint").
             The game lasted 00:06:29 (1298 turns).

HallandMoats the End of an Era (Formicid Monk)      Turns: 1298, Time: 00:06:30

Health: -14/114    AC: 24    Str: 28    XL:     13   Next: 45%
Magic:  17/28      EV:  6    Int: 13    God:    Qazlal [******]
Gold:   0          SH: 40    Dex: 17    Spells: 12/12 levels left

rFire   + . .      SeeInvis +   q - +14 obsidian axe {vorpal, Mesm Drain Fly SInv}
rCold   + + .      Faith    .   r - +18 shield of the Gong {rElec rN+ Will+ EV-5}
rNeg    + . .      Spirit   .   f - +5 gold dragon scales
rPois   +          Reflect  .   (helmet unavailable)
rElec   +          Harm     .   (no cloak)
rCorr   .          Rampage  .   (no gloves)
Will    ++...                   (no boots)
Stlth   ..........              s - amulet of the acrobat
HPRegen 0.29/turn               y - +6 ring of strength
MPRegen 0.21/turn               j - ring of Sisijy {rC+ Str+6 Int+2}

@: mighty, flying, mesmerised, repel missiles
A: permanent stasis, dig shafts and tunnels, antennae 3, four strong arms
a: Dig, Renounce Religion, Upheaval, Elemental Force, Disaster Area


You were in the Dungeon.
You worshipped Qazlal.
Qazlal was exalted by your worship.
You visited 1 branch

Inventory:

Hand Weapons
 a - the +2 Maxwell's thermic engine {flame, freeze}
   (You found it in the Dungeon)

   It burns those it strikes, dealing additional fire damage.
   Big, fiery blades are also staple armaments of hydra-hunters.
   It freezes those it strikes, dealing additional cold damage.
   It can also slow down cold-blooded creatures.
   It becomes more effective when it hits something.
   This effect fades over time.
 b - the +10 morningstar "Eos" {elec, Halo rElec}
   (You found it in the Dungeon)

   It occasionally discharges a powerful burst of electricity upon striking a
   foe.
   It grants its wielder a halo, increasing accuracy against those within it.
   rElec:     It insulates you from electricity.
 q - the +14 obsidian axe (weapon) {vorpal, Mesm Drain Fly SInv}
   (You found it in the Dungeon)

   It inflicts extra damage upon your enemies.
   It occasionally summons demons to assist the wielder when it strikes in
   combat.
   Its wielder is mesmerised by any visible foes.
   It cannot be unequipped while any foes are visible.
   SInv:      It lets you see invisible.
   Fly:       It grants you flight.
   Drain:     It drains your maximum health when unequipped.
Armour
 f - +5 gold dragon scales (worn)
 r - the +18 shield of the Gong (worn) {rElec rN+ Will+ EV-5}
   (You found it in the Dungeon)

   It is deafeningly noisy when blocking attacks.
   EV:        It affects your evasion (-5).
   rElec:     It insulates you from electricity.
   rN:        It protects you from negative energy.
   Will:      It increases your willpower.
Jewellery
 j - the ring of Sisijy (right hand) {rC+ Str+6 Int+2}
   (You found it in the Dungeon)

   [ring of strength]

   Str:       It affects your strength (+6).
   Int:       It affects your intelligence (+2).
   rC:        It protects you from cold.
 s - an amulet of the acrobat (around neck)
 t - the ring of Shadows {Umbra +Inv Stlth+}
   (You found it in the Dungeon)

   [ring of stealth]

   It surrounds you with an aura of shadow, increasing your stealth and reducing
   the accuracy of all others within it.
   +Inv:      It lets you turn invisible.
   Stlth:     It makes you more stealthy.
 v - an amulet of magic regeneration
 y - a +6 ring of strength (left hand)
Scrolls
 l - 4 scrolls of amnesia
 m - 7 scrolls of fog
 n - a scroll of holy word
 o - 5 scrolls of identify
 p - 2 scrolls of fear
 u - 2 scrolls of brand weapon
Potions
 c - 10 potions of curing
 d - 11 potions of heal wounds
 e - 7 potions of magic
 g - 2 potions of brilliance
 h - 2 potions of invisibility
 i - 4 potions of resistance
 k - 4 potions of might


   Skills:
 + Level 14.4 Fighting
 + Level 13.4 Axes
 + Level 14.0 Armour
 + Level 12.4 Dodging
 - Level 2.4 Stealth
 + Level 15.2 Shields
 * Level 22.2 Invocations


You had 12 spell levels left.
You didn't know any spells.
Your spell library contained the following spells:

 Spells                   Type           Power      Damage    Failure   Level
 Sting                    Tmut/Pois      0%         1d3       100%        1
 Passwall                 Tmut/Erth      0%         N/A       100%        2
 Call Canine Familiar     Summ           0%         N/A       100%        3
 Teleport Other           Tloc           0%         N/A       100%        3
 Tukima's Dance           Hex            0%         N/A       100%        3
 Animate Armour           Summ/Erth      0%         N/A       100%        4
 Cause Fear               Hex            0%         N/A       100%        4
 Leda's Liquefaction      Hex/Erth       0%         N/A       100%        4
 Olgreb's Toxic Radiance  Pois           0%         N/A       100%        4
 Passage of Golubria      Tloc           0%         N/A       100%        4
 Summon Lightning Spire   Summ/Air       0%         N/A       100%        4
 Fireball                 Conj/Fire      0%         3d3       100%        5
 Lee's Rapid Deconstruct  Erth           0%         3d5*      100%        5
 Yara's Violent Unravell  Hex/Tmut       0%         3d3       100%        5
 Starburst                Conj/Fire      0%         6d3       100%        6
 Dragon Form              Tmut           0%         N/A       100%        7
 Monstrous Menagerie      Summ           0%         N/A       100%        7
 Ignition                 Fire           0%         3d3       100%        8
 Dragon's Call            Summ           0%         N/A       100%        9
 Polar Vortex             Ice            0%         N/A       100%        9


Dungeon Overview and Level Annotations

Branches:
Dungeon (1/1)

Altars:
Ashenzari
Cheibriados
Dithmenos
Elyvilon
Fedhas
Gozag
Hepliaklqana
Kikubaaqudgha
Makhleb
Nemelex Xobeh
Okawaru
Qazlal
Ru
Sif Muna
Trog
Uskayaw
Vehumet
Wu Jian
Xom
Yredelemnul
Zin
The Shining One
Beogh
Jiyva
Lugonu


Innate Abilities, Weirdness & Mutations

You cannot be hasted, slowed, berserked, paralysed or teleported.
You can dig through walls and to a lower floor.
You have a pair of large antennae on your head. (SInv)
Your four strong arms can wield two-handed weapons with a shield.


Message History

Your Dodging skill increases to level 12!
Your Shields skill increases to level 15!
Your Invocations skill increases to level 22!
Unknown command.
Unknown command.
Unknown command.
Unknown command.
Unknown command.
You feel very mighty all of a sudden. You block Tedwif's attack.
PANG!
You block Tedwif's attack.
SHROANNG!
Okay, then.
You completely miss Tedwif.
Tedwif is moderately wounded.
Tedwif is no longer encased in ice.
You block Tedwif's attack.
PTOANNNG!
You closely miss Tedwif.
Tedwif is moderately wounded.
Tedwif hits you.
You are caught in a web!
Unknown command.
The web tears apart.
You block Tedwif's attack.
GONNNNG!
Tedwif is struck by lightning.
Tedwif hits you!!!
You completely miss Tedwif.
Tedwif is moderately wounded.
You block Tedwif's attack.
GONNNNG!
Unknown command.
You miss Tedwif.
Tedwif is moderately wounded.
You block Tedwif's attack.
BONNNG!
Tedwif hits you!!
You are caught in a web!
Unknown command.
The web tears apart.
Tedwif hits you!!!
* * * LOW HITPOINT WARNING * * *
Tedwif hits you!!
You die...

▓▓▓▓▓▓▓▓▓▓▓
▓...≈:.||...▓...8©8...▓
▓.....)≈...≈▓..).[....▓
▓..≈≈≈≈.....▓...[=)...▓
▓.....≈≈....▓.........▓
▓..≈.≈....≈.▓...).....▓
..▓.§.°.▓..▓...)))...▓
▓.▓§&☼▓.▓ ▓...))))..▓
▓..▓☼.@○☼▓..▓.▓.....▓.▓
▓..≈..©....≈▓....©....▓
▓▓▓▓▓▓▓▓▓▓▓▓▓▓▓▓▓▓▓▓▓▓▓
▓...8©8...▓...8©8...▓..
▓...[)).).▓...|.)...▓..
▓..)||.)..▓..=..)...▓..
▓..)|))...▓.........▓..
▓...))....▓.)..))...▓..
▓...).)...▓..)).)÷).▓..


You could see Tedwif (mesmerising).

Vanquished Creatures
  A pandemonium lord (D)
  An orc warlord (D)
  3 black draconians (D)
  3 purple draconians (D)
  A red draconian (D)
  A white draconian (D)
  2 yellow draconians (D)
  3 dancing weapons (D)
  An orc high priest (D)
  A sun demon (D)
  3 deep elf knights (D)
  2 sixfirhies (D)
  A spriggan druid (D)
  A deep elf archer (D)
  4 deep elf zephyrmancers (D)
  2 deep elf pyromancers (D)
  A moth of wrath (D)
  An orange demon (D)
  2 ice devils (D)
  A troll (D)
  A hellwing (D)
  2 ynoxinuls (D)
  2 spriggans (D)
  2 yaks (D)
  A chaos spawn (D)
  A naga (D)
  3 hell hounds (D)
  8 orc warriors (D)
  2 ogres (D)
  2 wolves (D)
  A tengu (shapeshifter) (D)
  A phantom (D)
  An earth elemental (D)
  An orc priest (D)
  3 jellies (D)
  2 iguanas (D)
  An iron imp (D)
  2 orc wizards (D)
  An adder (D)
  A shadow imp (D)
  A white imp (D)
  An ufetubus (D)
  An adder zombie (D)
  2 adder skeletons (D)
  An orc (D)
  A jackal (D)
  A jackal skeleton (D)
81 creatures vanquished.

Vanquished Creatures (collateral kills)
  A deep elf archer (D)
  A deep elf zephyrmancer (D)
  A hornet (D)
  2 hell hounds (D)
  A black bear (D)
6 creatures vanquished.

Grand Total: 87 creatures vanquished

Notes
Turn   | Place    | Note
-------+----------+-------------------------------------------
     0 | D        | HallandMoats the Formicid Monk began the quest for the Orb.
     0 | D        | Reached XP level 1. HP: 18/18 MP: 1/1
     0 | D        | Banished a spatial maelstrom
     3 | D        | Found a blossoming altar of Fedhas.
     3 | D        | Found the +6 Majin-Bo {vamp, MP+6 Int+6}
     3 | D        | Found the +9 heavy crossbow "Sniper" {vorpal, Acc+∞ SInv}
     3 | D        | Found the +10 dark maul {vorpal}
     3 | D        | Found the +15 Maxwell's patent armour {-Cast -Tele rElec
                  | Will+ rCorr}
     3 | D        | Found the +18 shield of the Gong {rElec rN+ Will+ EV-5}
     3 | D        | Found the +14 obsidian axe {vorpal, Mesm Drain Fly SInv}
     3 | D        | Found the +7 great mace "Firestarter" {inner flame, rF++}
     3 | D        | Found the +6 shillelagh "Devastator" {shatter}
     3 | D        | Found the +11 plutonium sword {Contam Stlth-}
     3 | D        | Found the +8 lance "Wyrmbane" {slay drac, rPois rF+ rC+
                  | AC+3}
     3 | D        | Found the +9 sword of Zonguldrok {reap}
     3 | D        | Found the +13 scythe of Curses {drain, Drain}
     3 | D        | Found the +5 sword of Power {vorpal}
     3 | D        | Found the +7 mace of Variability {chain chaos}
     3 | D        | Found the +7 Singing Sword {vorpal, sonic wave}
     3 | D        | Found the +8 storm bow {elec, penet}
     6 | D        | Found a shimmering blue altar of Sif Muna.
     6 | D        | Found a sacrificial altar of Ru.
     6 | D        | Found a bloodstained altar of Trog.
     6 | D        | Found a stormy altar of Qazlal.
     6 | D        | Found an iron altar of Okawaru.
     6 | D        | Found a sparkling altar of Nemelex Xobeh.
     8 | D        | Found a transporter.
     8 | D        | Found an ancient bone altar of Kikubaaqudgha.
     8 | D        | Found a viscous altar of Jiyva.
     8 | D        | Found a corrupted altar of Lugonu.
     8 | D        | Found a hazy altar of Hepliaklqana.
     8 | D        | Found a burning altar of Makhleb.
     8 | D        | Found an opulent altar of Gozag.
    36 | D        | Became a worshipper of Qazlal Stormbringer
    36 | D        | Reached * piety under Qazlal
    36 | D        | Reached ** piety under Qazlal
    74 | D        | Reached skill level 8 in Invocations
    74 | D        | Reached XP level 2. HP: 24/24 MP: 1/7
   136 | D        | Entered arena 2.
   136 | D        | Found the +2 Maxwell's thermic engine {flame, freeze}
   136 | D        | Noticed a naga
   136 | D        | Found a transporter.
   139 | D        | Reached skill level 9 in Invocations
   140 | D        | Killed a naga
   141 | D        | Reached skill level 10 in Invocations
   141 | D        | Reached XP level 3. HP: 27/31 MP: 7/9
   141 | D        | Reached XP level 4. HP: 33/38 MP: 8/11
   141 | D        | Reached XP level 5. HP: 37/43 MP: 8/12
   174 | D        | Entered arena 3.
   174 | D        | Found a transporter.
   178 | D        | Reached skill level 5 in Fighting
   178 | D        | Reached *** piety under Qazlal
   179 | D        | Reached XP level 6. HP: 40/51 MP: 14/14
   196 | D        | Entered arena 4.
   196 | D        | Noticed a hell hound
   196 | D        | Found a transporter.
   201 | D        | Killed a hell hound
   201 | D        | Reached **** piety under Qazlal
   202 | D        | Reached skill level 5 in Axes
   202 | D        | Reached skill level 5 in Dodging
   202 | D        | Reached skill level 5 in Shields
   202 | D        | Reached skill level 11 in Invocations
   272 | D        | Entered arena 5.
   272 | D        | Found a transporter.
   276 | D        | Reached ***** piety under Qazlal
   277 | D        | Reached XP level 7. HP: 48/58 MP: 15/15
   328 | D        | Entered arena 6.
   328 | D        | Noticed a yak
   328 | D        | Noticed a yak
   328 | D        | Found a transporter.
   332 | D        | Reached skill level 5 in Armour
   332 | D        | Reached skill level 12 in Invocations
   333 | D        | Killed a yak
   333 | D        | Killed a yak
   334 | D        | Reached XP level 8. HP: 67/67 MP: 15/17
   340 | D        | Entered arena 7.
   340 | D        | Found the +8 longbow "Zephyr" {speed, Dex+3 SInv}
   340 | D        | Noticed a spriggan
   340 | D        | Noticed a spriggan druid
   340 | D        | Noticed a spriggan rider
   341 | D        | Found a transporter.
   345 | D        | Reached skill level 13 in Invocations
   346 | D        | Killed a spriggan
   346 | D        | Killed a spriggan
   346 | D        | Reached ****** piety under Qazlal
   347 | D        | Killed a hornet
   348 | D        | Reached skill level 14 in Invocations
   348 | D        | Reached XP level 9. HP: 56/74 MP: 17/19
   350 | D        | Killed a spriggan druid
   357 | D        | Got the ring of Sisijy {rC+ Str+6 Int+2}
   420 | D        | Entered arena 8.
   421 | D        | Found a transporter.
   424 | D        | Noticed a rust devil
   427 | D        | Reached skill level 15 in Invocations
   435 | D        | Got the Volume of the Frostbite and Companions
   441 | D        | Entered arena 9.
   442 | D        | Found a transporter.
   451 | D        | Reached XP level 10. HP: 80/83 MP: 21/21
   459 | D        | Entered arena 10.
   459 | D        | Found the +10 morningstar "Eos" {elec, Halo rElec}
   459 | D        | Noticed a deep elf zephyrmancer
   459 | D        | Noticed a +0 antimagic long sword
   459 | D        | Noticed a deep elf knight
   459 | D        | Noticed a deep elf pyromancer
   459 | D        | Noticed a deep elf zephyrmancer
   459 | D        | Noticed a deep elf pyromancer
   459 | D        | Noticed a deep elf zephyrmancer
   459 | D        | Noticed a deep elf knight
   460 | D        | Found a transporter.
   465 | D        | Killed a +0 antimagic long sword
   466 | D        | Reached skill level 16 in Invocations
   469 | D        | Killed a deep elf zephyrmancer
   469 | D        | Killed a deep elf knight
   469 | D        | Killed a deep elf zephyrmancer
   469 | D        | Killed a deep elf zephyrmancer
   469 | D        | Killed a deep elf knight
   469 | D        | Killed a deep elf pyromancer
   470 | D        | Reached skill level 10 in Fighting
   470 | D        | Reached skill level 10 in Axes
   470 | D        | Reached skill level 10 in Armour
   470 | D        | Reached skill level 17 in Invocations
   470 | D        | Reached XP level 11. HP: 29/92 MP: 13/23
   473 | D        | Killed a deep elf pyromancer
   486 | D        | Got the Volume of Viperous Clay
   856 | D        | Entered arena 11.
   856 | D        | Found the ring of Shadows {Umbra +Inv Stlth+}
   856 | D        | Noticed a deep elf zephyrmancer
   856 | D        | Noticed a +0 mace of protection
   856 | D        | Noticed a deep elf knight
   856 | D        | Noticed a +2 flail of holy wrath
   856 | D        | Noticed a deep elf archer
   856 | D        | Noticed a deep elf zephyrmancer
   856 | D        | Noticed a deep elf archer
   857 | D        | Found a transporter.
   861 | D        | Killed a +2 flail of holy wrath
   862 | D        | Reached skill level 18 in Invocations
   863 | D        | Killed a deep elf archer
   863 | D        | Killed a +0 mace of protection
   864 | D        | Killed a deep elf knight
   865 | D        | Reached skill level 10 in Dodging
   866 | D        | Killed a deep elf zephyrmancer
   866 | D        | Killed a deep elf zephyrmancer
   873 | D        | Killed a deep elf archer
   874 | D        | Reached skill level 19 in Invocations
   972 | D        | Entered arena 12.
   972 | D        | Noticed a purple draconian
   972 | D        | Noticed a purple draconian
   972 | D        | Noticed a yellow draconian
   972 | D        | Noticed a black draconian
   972 | D        | Noticed a red draconian
   972 | D        | Noticed a purple draconian
   972 | D        | Noticed a black draconian
   972 | D        | Noticed a white draconian
   973 | D        | Noticed a black draconian
   973 | D        | Identified the +3 flail "Vivaehuf" {elec, rElec}
   973 | D        | Noticed a yellow draconian
   974 | D        | Found a transporter.
   978 | D        | Killed a red draconian
   978 | D        | Killed a purple draconian
   979 | D        | Reached XP level 12. HP: 36/102 MP: 16/25
   979 | D        | Killed a purple draconian
   979 | D        | Killed a yellow draconian
   979 | D        | Killed a white draconian
   980 | D        | Reached skill level 20 in Invocations
   983 | D        | Killed a purple draconian
   985 | D        | Killed a black draconian
   986 | D        | Killed a black draconian
   991 | D        | Killed a yellow draconian
   993 | D        | Killed a black draconian
   999 | D        | Got Isaxkime's Guide on Illusion and Dislocation
  1261 | D        | Entered arena 13.
  1261 | D        | Found the +3 sling "Punk" {acid, rCorr}
  1261 | D        | Noticed an orc warlord
  1262 | D        | Noticed an orc high priest
  1262 | D        | Identified the +9 war axe "Vauwkugee" {flame, *Slow rC+++
                  | Will+}
  1262 | D        | Identified the amulet "Iweiteti" {Spirit rF++ Slay+2}
  1263 | D        | Found a transporter.
  1264 | D        | Killed an orc high priest
  1264 | D        | Killed an orc warlord
  1265 | D        | Reached skill level 21 in Invocations
  1265 | D        | Reached XP level 13. HP: 112/112 MP: 18/27
  1288 | D        | Entered arena 14.
  1288 | D        | Noticed Tedwif the pandemonium lord
  1288 | D        | Noticed Zoani the pandemonium lord
  1290 | D        | Noticed an Ice Fiend
  1291 | D        | Killed Zoani the pandemonium lord
  1292 | D        | Reached skill level 15 in Shields
  1292 | D        | Reached skill level 22 in Invocations
  1298 | D        | HP: 5/114 [Tedwif the pandemonium lord (39)]
  1298 | D        | Demolished by Tedwif the pandemonium lord

Illustrated notes

Levels and vault maps discovered:
D:        sprint_v [room_start, room_1, room_2, room_3, room_4, room_5, room_6,
          room_7, room_8, room_9, room_10, room_11, room_12, room_13, room_14,
          room_15, room_16, room_17, room_18, room_19, room_20, room_21,
          room_22, room_23, room_24, room_25, room_26, room_27]

Skill      XL: |  1  2  3  4  5  6  7  8  9 10 11 12 13 |
---------------+----------------------------------------+-----
Invocations    | 8 10 11 12 14 15 17 19 21 22 | 22.2
Fighting       | 4 5 6 7 8 9 10 12 13 14 | 14.4
Axes           | 4 5 6 7 8 10 11 12 13 | 13.4
Armour         | 2 3 4 6 7 8 10 11 13 14 | 14.0
Dodging        | 3 4 5 6 8 9 10 11 12 | 12.4
Shields        | 3 4 5 6 7 9 11 12 14 15 | 15.2
Stealth        | |  2.4

Action                   |  1- 3 |  4- 6 |  7- 9 | 10-12 | 13-15 || total
-------------------------+-------+-------+-------+-------+-------++-------
Melee: Broad axe         |     4 |     8 |    24 |    28 |     5 ||    69
Invok: Disaster Area     |       |       |       |     4 |     1 ||     5
  Use: Potion            |     1 |       |       |     3 |     1 ||     5
Armor: Gold dragon scale |     2 |     5 |    13 |    20 |     1 ||    41
Dodge: Dodged            |       |       |     4 |    11 |       ||    15
       Repelled          |       |       |       |     3 |       ||     3
Block: Kite shield       |     6 |    14 |    57 |    75 |     7 ||   159

Table legend: (Time is in decaauts)
 A = Elapsed time spent in this place.
 B = Non-inter-level travel time spent in this place.
 C = Inter-level travel time spent in this place.
 D = Time resting spent in this place.
 E = Time spent auto-exploring this place.
 F = Levels seen in this place.
 G = Mean time per level.
                   A        B        C        D        E       F      G
               +--------+--------+--------+--------+--------+-----+--------+
         Total |   1310 |   1310 |      0 |    958 |      0 |   1 | 1310.0 |
       Dungeon |   1310 |   1310 |      0 |    958 |      0 |   1 | 1310.0 |
               +--------+--------+--------+--------+--------+-----+--------+

Top non-repeatable levels by time:
       D: 1310 daAuts
